 Dungeon Crawl Stone Soup version 0.28.0 (webtiles) character file.

Game seed: 17194675049845114184

42 mopl the Skirmisher (level 3, -5/30 HPs)
             Began as a Merfolk Fighter on Feb 16, 2022.
             Slain by a gnoll (7 damage)
             ... on level 1 of the Dungeon.
             The game lasted 00:01:07 (986 turns).

mopl the Skirmisher (Merfolk Fighter)                Turns: 986, Time: 00:01:07

Health: -5/30      AC:  8    Str: 18    XL:     3   Next: 54%
Magic:  3/3        EV:  4    Int:  7    God:
Gold:   24         SH:  0    Dex: 13    Spells: 2/2 levels left

rFire   + . .      SeeInvis .   a - +0 long sword
rCold   + . .      Faith    .   c - +0 buckler
rNeg    . . .      Spirit   .   f - +0 chain mail
rPois   .          Reflect  .   (no helmet)
rElec   .          Harm     .   b - scarf {rC+ rF+}
rCorr   .          Rampage  .   (no gloves)
Will    .....                   (no boots)
Stlth   ..........              (no amulet)
HPRegen 0.10/turn               (no ring)
MPRegen 0.08/turn               (no ring)

@: held
A: (nimble swimmer 2), mertail
a: no special abilities


You were on level 1 of the Dungeon.
You visited 1 branch of the dungeon, and saw 2 of its levels.

You collected 24 gold pieces.

Inventory:

Hand Weapons
 a - a +0 long sword (weapon)
Armour
 b - a scarf of resistance (worn)
 c - a +0 buckler (worn)
 f - a +0 chain mail (worn)
Scrolls
 h - a scroll of silence {unknown}
Potions
 d - a potion of might
 e - a potion of curing {unknown}
 g - 2 potions of mutation {unknown}


   Skills:
 + Level 3.6 Fighting
 * Level 3.1 Long Blades
 + Level 2.4 Armour
 + Level 1.5 Dodging
 - Level 3.0 Shields


You had 2 spell levels left.
You didn't know any spells.
Your spell library was empty.

Dungeon Overview and Level Annotations

Branches:
Dungeon (2/15)

Altars:


Innate Abilities, Weirdness & Mutations

((You are very nimble when in or above water. (Stealth+, EV+, Speed+++)))
Your lower body shifts to a powerful aquatic tail in water.


Message History

A goblin comes into view. It is wielding a +0 dagger.
A goblin is nearby! 2 gnolls come into view.
The gnoll shouts!
You hear a shout! x2
You hit the goblin.
You kill the goblin!
A gnoll comes into view. It is wielding a +0 whip.
A gnoll comes into view. It is wielding a +0 halberd.
The gnoll throws a throwing net.
The throwing net closely misses you.
The gnoll shouts!
You barely miss the gnoll. The gnoll hits you with a +0 flail.
You slash the gnoll!
The gnoll is heavily wounded.
The gnoll hits you with a +0 flail. The gnoll barely misses you. x2
You hit the gnoll but do no damage.
The gnoll is heavily wounded.
The gnoll hits you with a +0 flail. You block the gnoll's attack. x2
You slash the gnoll!
You kill the gnoll!
You block the gnoll's attack.
You hit the gnoll but do no damage. The gnoll barely misses you.
The gnoll hits you but does no damage.
You hit the gnoll.
The gnoll is lightly wounded.
The gnoll barely misses you. The gnoll hits you with a +0 whip.
The gnoll hits you but does no damage. The gnoll hits you with a +0 whip.
* * * LOW HITPOINT WARNING * * *
The gnoll barely misses you. The gnoll hits you with a +0 flail.
* * * LOW HITPOINT WARNING * * *
The gnoll closely misses you.
There is an escape hatch in the ceiling here.
The gnoll hits you with a +0 flail.
* * * LOW HITPOINT WARNING * * *
A mysterious force pulls you upwards. The hatch slams shut behind you.
The gnoll throws a throwing net.
The throwing net hits you.
You become entangled in the net!
You see here a throwing net.
You struggle against the net.
You struggle against the net.
The gnoll hits you with a +0 flail!
You die...

'###..######### .#
#..........# ###### .#
#.######...# #....# .#
#.######...#######.##.#
##
#......'..........>...#
#.....##...........####
####.....##....)...####
.........#####.....####
.........# #..@.....#
#######'## #...g....#
#.# ###......# #.######
#......# #.#....#
#......# ###.#.##.#
#####'#### #...#....#
#....# #.#####..#
####.# #.#####..### #.#


You could see a gnoll.

Vanquished Creatures
  2 gnolls (D:2)
  3 endoplasms (D:1)
  A giant cockroach (D:1)
  6 goblins
  3 ball pythons (D:1)
  A bat (D:1)
  2 frilled lizards (D:1)
  2 kobolds
20 creatures vanquished.

Notes
Turn   | Place    | Note
-------+----------+-------------------------------------------
     0 | D:1      | mopl the Merfolk Fighter began the quest for the Orb.
     0 | D:1      | Reached XP level 1. HP: 18/18 MP: 1/1
   146 | D:1      | Reached XP level 2. HP: 22/24 MP: 2/2
   209 | D:1      | Reached skill level 1 in Dodging
   676 | D:2      | Reached skill level 3 in Long Blades
   676 | D:2      | Reached XP level 3. HP: 21/29 MP: 3/3
   986 | D:1      | Slain by a gnoll

Illustrated notes

Levels and vault maps discovered:
D:1:      saegor_arrival_under_anarchy, layout_basic, minmay_door_square,
          minmay_tetromino_l2
D:2:      layout_basic, hellmonk_ecumenical_altar_blasted, uniq_jessica,
          uniq_natasha

Skill      XL: |  1  2 |
---------------+-------+-----
Dodging        | 1 |  1.5
Long Blades    | 3 |  3.1
Fighting       | |  3.6
Armour         | |  2.4
Shields        | |  3.0

Action                   || total
-------------------------++-------
Melee: Long sword        ||    66
Armor: Chain mail        ||    65
Dodge: Dodged            ||    30
Block: Buckler           ||    24
